 Dungeon Crawl Stone Soup version 0.26.1-11-gd32895ea62 (webtiles) character file.

Game seed: 5939220170826513927

2793 dtburroughs the Chopper (level 9, -1/81 HPs)
             Began as a Minotaur Berserker on July 20, 2021.
             Was an Elder of Trog.
             Slain by a two-headed ogre
             ... wielding a cursed -3 giant club
              (16 damage)
             ... on level 8 of the Dungeon.
             The game lasted 00:11:39 (7745 turns).

dtburroughs the Chopper (Minotaur Berserker)        Turns: 7745, Time: 00:11:39

Health: -1/81      AC: 14    Str: 22    XL:     9   Next: 43%
Magic:  8/8        EV: 12    Int:  7    God:    Trog [****..]
Gold:   580        SH:  6    Dex: 16    Spells: 8/8 levels left

rFire    . . .     SeeInvis .   y - +0 broad axe
rCold    . . .     Faith    +   l - +0 buckler
rNeg     . . .     Spirit   .   D - +0 chain mail
rPois    .         Reflect  .   (helmet restricted)
rElec    .         Harm     .   K - +1 cloak
rCorr    .         Rampage  .   (no gloves)
Will     ++...                  C - +0 pair of boots
Stlth    ..........             d - amulet of faith
HPRegen  1.23/turn              k - +6 ring of dexterity
MPRegen  0.11/turn              J - ring of stealth

@: about to teleport, marked, regenerating
A: retaliatory headbutt, horns 2
a: Renounce Religion, Berserk, Trog's Hand, Brothers in Arms


You were on level 8 of the Dungeon.
You worshipped Trog.
Trog was greatly pleased with you.
You visited 1 branch of the dungeon, and saw 8 of its levels.
You also visited: Ossuary.

You collected 580 gold pieces.

Inventory:

Hand Weapons
 o - a +2 flail of holy wrath
 y - a +0 broad axe (weapon)
Armour
 l - a +0 buckler (worn)
 C - a +0 pair of boots (worn)
 D - a +0 chain mail (worn)
 K - a +1 cloak (worn)
Jewellery
 d - an amulet of faith (around neck)
 k - a +6 ring of dexterity (left hand)
 w - an uncursed ring of flight
 J - a ring of stealth (right hand)
Wands
 v - a wand of iceblast (9)
 F - a wand of polymorph (12)
 I - a wand of enslavement (9)
Scrolls
 b - 7 scrolls of amnesia {unknown}
 e - 7 scrolls of teleportation
 h - 5 scrolls of remove curse
 j - a scroll of enchant weapon {unknown}
 r - 2 scrolls of blinking {unknown}
 s - 2 scrolls of enchant armour
 t - 2 scrolls of magic mapping
 u - 2 scrolls of fear {unknown}
 x - a scroll of immolation {unknown}
 A - a scroll of brand weapon {unknown}
 E - a scroll of random uselessness {unknown}
 G - a scroll of silence {unknown}
 H - 2 scrolls of identify
Potions
 a - 2 potions of degeneration {unknown}
 c - 4 potions of lignification {unknown}
 f - a potion of resistance {unknown}
 g - 2 potions of curing
 i - 2 potions of attraction {unknown}
 m - 6 potions of cancellation {unknown}
 n - 5 potions of magic
 p - 2 potions of might {unknown}
 q - 3 potions of mutation
 z - a potion of ambrosia {unknown}
 B - 2 potions of berserk rage {unknown}
 L - 2 potions of invisibility {unknown}
 M - a potion of flight {unknown}
 N - a potion of brilliance {unknown}


   Skills:
 + Level 7.9 Fighting
 + Level 7.9 Axes
 + Level 7.4 Armour
 + Level 6.7 Dodging
 + Level 6.6 Shields


You had 8 spell levels left.
You didn't know any spells.
Your spell library was empty.

Dungeon Overview and Level Annotations

Branches:
Dungeon (8/15)             Temple (0/1) D:5         Ossuary (visited)
   Lair: D:8-11

Altars:
Ashenzari
Cheibriados
Elyvilon
Okawaru
Vehumet

Shops:
D:4 (   D:7 *


Innate Abilities, Weirdness & Mutations

You reflexively headbutt those who attack you in melee.
You have a pair of horns on your head.


Message History

Things that are here:
a +0 giant club; an ogre corpse The two-headed ogre closely misses you.
You furiously retaliate!
You headbutt the two-headed ogre!
The two-headed ogre hits you with a +0 giant club!
* * * LOW HITPOINT WARNING * * *
As you read the scroll of teleportation, it crumbles to dust.
You feel strangely unstable. The adder barely misses you.
You furiously retaliate!
You headbutt the adder!
The two-headed ogre hits you but does no damage.
The two-headed ogre closely misses you.
The phantom hits you but does no damage.
You feel better. The adder bites you.
* * * LOW HITPOINT WARNING * * *
The ufetubus barely misses you. You furiously retaliate!
You headbutt the ufetubus. The ufetubus misses you.
You block the adder's attack. The phantom barely misses you.
The two-headed ogre hits you but does no damage.
The two-headed ogre hits you with a +0 giant club!
You die...

#. #....#
#..#....#
..#....#
#.......#
###.##....####
..#.##.......#
####.#.##.4..#
#..#.#.##WOS.#
#..#.#.##.@5.#
#..#.#.##....#
#<##......####
#....)....#
#####†....#####
...............
#.#
#######.#######
#.# #.# #.#
#######.#


You could see a two-headed ogre, a phantom, a chaos spawn, an adder and an
ufetubus.

Vanquished Creatures
  Pikel (D:8)
  2 chaos spawn (D:8)
  A water moccasin (D:7)
  A sky beast (D:8)
  A phantom (D:6)
  A black bear (D:8)
  4 ogres
  A centaur (D:6)
  A big kobold (D:8)
  2 bullfrogs
  Blork the orc (D:4)
  A gnoll sergeant (D:5)
  A scorpion (D:5)
  2 howler monkeys
  An electric eel (D:7)
  A quasit (D:5)
  2 hounds (D:5)
  Crazy Yiuf (D:4)
  A centaur skeleton (D:4)
  An iron imp (D:7)
  5 iguanas
  An orc wizard (D:6)
  3 worker ants
  A big kobold zombie (Ossuary)
  8 mummies (Ossuary)
  A worker ant zombie (D:6)
  Robin (D:3)
  6 gnolls
  8 adders
  A shadow imp (D:6)
  A white imp (D:8)
  An adder skeleton (D:4)
  2 adder zombies
  2 worms
  3 dart slugs
  6 leopard geckos
  7 orcs
  3 ball pythons
  6 giant cockroaches
  12 hobgoblins
  8 jackals
  13 kobolds
  4 quokkas
  8 bats
  A frilled lizard (D:2)
  17 goblins
  2 hobgoblin zombies (Ossuary)
  3 kobold zombies (Ossuary)
  2 orc zombies (Ossuary)
  4 rats
167 creatures vanquished.

Vanquished Creatures (others)
  12 plants (D:7)
12 creatures vanquished.

Grand Total: 179 creatures vanquished

Notes
Turn   | Place    | Note
-------+----------+-------------------------------------------
     0 | D:1      | dtburroughs the Minotaur Berserker began the quest for the
                  | Orb.
     0 | D:1      | Reached XP level 1. HP: 19/19 MP: 0/0
   235 | D:1      | Reached XP level 2. HP: 27/27 MP: 1/1
   660 | D:1      | Reached XP level 3. HP: 33/33 MP: 2/2
  1265 | D:2      | Reached ** piety under Trog
  1320 | D:2      | Reached XP level 4. HP: 18/40 MP: 3/3
  1675 | D:2      | Reached skill level 1 in Shields
  1676 | D:2      | Found a radiant altar of Vehumet.
  1957 | D:3      | Found an iron altar of Okawaru.
  2524 | D:3      | Noticed Robin
  2537 | D:3      | Killed Robin
  2596 | D:3      | Reached XP level 5. HP: 38/47 MP: 4/4
  2680 | D:3      | Found a white marble altar of Elyvilon.
  2950 | D:4      | Found Reoheirr's Antique Weapon Shoppe.
  3051 | D:4      | Noticed Blork the orc
  3058 | D:4      | Killed Blork the orc
  3348 | D:4      | Reached XP level 6. HP: 55/55 MP: 5/5
  3369 | D:4      | Reached skill level 5 in Fighting
  3577 | D:4      | Found a runed translucent door.
  3578 | D:4      | Noticed Crazy Yiuf
  3600 | D:4      | Reached skill level 5 in Axes
  3893 | D:4      | Killed Crazy Yiuf
  3927 | D:5      | Entered Level 5 of the Dungeon
  4224 | D:5      | Reached XP level 7. HP: 61/61 MP: 6/6
  4376 | D:5      | Reached *** piety under Trog
  4377 | D:5      | Reached skill level 5 in Armour
  4673 | D:5      | Found a staircase to the Ecumenical Temple.
  4820 | D:6      | Found a broken altar of Ashenzari.
  4889 | D:6      | Reached skill level 5 in Dodging
  4889 | D:6      | Reached XP level 8. HP: 68/70 MP: 7/7
  5412 | D:7      | Found a snail-covered altar of Cheibriados.
  5502 | D:7      | Reached skill level 5 in Shields
  6225 | D:7      | Reached **** piety under Trog
  6435 | D:7      | Found Odaxko's Serpentskin Sales.
  6918 | D:8      | Found a sand-covered staircase.
  7167 | Ossuary  | Entered an ossuary
  7610 | D:8      | Reached XP level 9. HP: 57/79 MP: 8/8
  7713 | D:8      | Noticed Pikel
  7720 | D:8      | Killed Pikel
  7732 | D:8      | Noticed a two-headed ogre
  7737 | D:8      | Reached ***** piety under Trog
  7745 | D:8      | Slain by a two-headed ogre

Illustrated notes

Levels and vault maps discovered:
D:1:      dpeg_arrival_more_subterranean_lakeside_camping, layout_loops_ring
D:2:      layout_basic, vehumet_crystals, serial_glass, glass_columns_c,
          glass_columns_a
D:3:      layout_loops_ring, nicolae_overflow_hidden_temple, uniq_robin
D:4:      layout_cave_pools, serial_shops, shop, uniq_crazy_yiuf_cottage,
          uniq_blork_the_orc
D:5:      layout_rooms, minmay_temple_entry_poolview
D:6:      layout_gridville, kennysheep_little_box
D:7:      layout_rooms, slow_altar_1, serial_bayou, serial_bayou_pond_c,
          serial_bayou_pond_c, serial_bayou_shore_b, serial_bayou_pond_c,
          guppyfry_shop_venom
D:8:      layout_basic, marbit_many_paths,
          nicolae_ossuary_entry_false_entrances,
          minmay_guarded_unrand_variability, uniq_pikel

Skill      XL: |  1  2  3  4  5  6  7  8  9 |
---------------+----------------------------+-----
Axes           | 4 5 6 7 |  7.9
Fighting       | 4 5 6 7 |  7.9
Armour         | 3 4 5 6 7 |  7.4
Dodging        | 3 4 5 6 |  6.7
Shields        | 1 2 3 4 5 6 |  6.6

Action                   |  1- 3 |  4- 6 |  7- 9 || total
-------------------------+-------+-------+-------++-------
Melee: Hand axe          |    72 |    72 |       ||   144
       Headbutt          |     9 |    29 |    44 ||    82
       Broad axe         |       |    71 |   187 ||   258
Invok: Trog's Hand       |       |     1 |     1 ||     2
       Berserk           |       |       |     1 ||     1
  Use: Scroll            |       |     8 |     2 ||    10
       Potion            |       |       |     2 ||     2
Armor: Ring mail         |    25 |    28 |       ||    53
       Chain mail        |       |    34 |   115 ||   149
Dodge: Dodged            |    51 |    76 |   138 ||   265
Block: Buckler           |     6 |    27 |    55 ||    88
